 Dungeon Crawl Stone Soup version 0.30-a0-263-ge22c4ad894 (webtiles) character file.

Game seed: 5385509558301498770

183 nono the Covered (level 5, -6/48 HPs)
             Began as an Armataur Fighter on Oct 13, 2022.
             Mangled by Crazy Yiuf
             ... wielding a +3 quarterstaff of chaos
              (10 damage)
             ... on level 3 of the Dungeon.
             The game lasted 00:03:55 (2188 turns).

nono the Covered (Armataur Fighter)                 Turns: 2188, Time: 00:03:57

Health: -6/48      AC:  9    Str: 23    XL:     5   Next: 35%
Magic:  5/5        EV:  5    Int:  9    God:
Gold:   120        SH:  4    Dex:  9    Spells: 4/4 levels left

rFire   . . .      SeeInvis .    v - +2 dagger (venom)
rCold   . . .      Faith    .    c - +0 buckler
rNeg    . . .      Spirit   .    t - +0 chain mail {rPois}
rPois   +          Reflect  .    (no helmet)
rElec   .          Harm     .    (no cloak)
rCorr   .          Roll     +    o - +0 pair of gloves
Will    .....                    (no barding)
Stlth   ..........               (no amulet)
HPRegen 0.28/turn                (no ring)
MPRegen 0.09/turn                (no ring)

@: lethally poisoned (-6 -> -10)
A: large, rugged brown scales 3, deformed body, armoured tail, roll, long
tongue, awkward tongue
a: no special abilities


You were on level 3 of the Dungeon.
You visited 1 branch of the dungeon, and saw 3 of its levels.

You collected 120 gold pieces.

Inventory:

Hand Weapons
 a - a +0 flail
 v - a +2 dagger of venom (weapon)
Armour
 b - a +0 scale mail
 c - a +0 buckler (worn)
 o - a +0 pair of gloves (worn)
 t - a +0 chain mail of poison resistance (worn)
 x - a +0 leather armour of fire resistance
Wands
 u - a wand of iceblast (15)
Scrolls
 e - a scroll of enchant armour {unknown}
 g - 3 scrolls of identify {unknown}
 j - a scroll of blinking {unknown}
 n - a scroll of fear {unknown}
 p - a scroll of torment {unknown}
 q - a scroll of poison {unknown}
 w - a scroll of teleportation {unknown}
Potions
 d - a potion of might
 f - a potion of magic {unknown}
 h - a potion of brilliance {unknown}
 i - a potion of haste {unknown}
 k - 2 potions of curing
 l - 3 potions of flight {unknown}
 m - 2 potions of mutation {unknown}
 r - a potion of heal wounds {unknown}
 s - a potion of attraction {unknown}


   Skills:
 + Level 3.5 Fighting
 + Level 2.9 Maces & Flails
 + Level 4.8 Armour
 + Level 4.4 Shields


You had 4 spell levels left.
You didn't know any spells.
Your spell library contained the following spells:

 Spells                   Type           Power      Damage    Failure   Level
 Frozen Ramparts          Ice            0%         1d1       100%        3
 Vhi's Electric Charge    Tloc/Air       0%         N/A       100%        3
 Ice Form                 Ice/Tmut       0%         N/A       100%        4
 Summon Ice Beast         Ice/Summ       0%         N/A       100%        4
 Arcjolt                  Conj/Air       0%         1d10      100%        5
 Maxwell's Capacitive Co  Air            0%         ∞         100%        8


Dungeon Overview and Level Annotations

Branches:
Dungeon (3/15)

Altars:
Yredelemnul

Annotations:
D:3 Crazy Yiuf


Innate Abilities, Weirdness & Mutations

You are completely covered in rugged brown scales. (AC +3, +7% HP)
Armour fits poorly on your strangely shaped body.
You have a long armoured tail.
You roll when moving toward enemies. (Rampage)
Your long tongue fully drains potion bottles. (2x potion effects)
Your tongue gives you trouble enunciating. (1.5x scroll delay)


Message History

The jackal barely misses you.
You barely miss the jackal.
The jackal bites you but does no damage. x2
You hit the jackal.
The jackal is poisoned.
The jackal is moderately wounded.
The jackal bites you.
You closely miss the jackal.
You tail-slap the jackal, but do no damage.
The jackal is almost dead.
The jackal bites you but does no damage. x2
You hit the jackal.
You kill the jackal!
No target in view!
No target in view!
No target in view!
Found a hammer.
Found a runed translucent door.
Crazy Yiuf shouts!
Crazy Yiuf flaps his cloak.
You open the door. You hit Crazy Yiuf but do no damage.
Crazy Yiuf is poisoned.
Crazy Yiuf hits you with a +3 quarterstaff of chaos!
You are poisoned.
You closely miss Crazy Yiuf.
You feel very sick.
Crazy Yiuf hits you with a +3 quarterstaff of chaos!
You are electrocuted!!
* * * LOW HITPOINT WARNING * * *
You hit Crazy Yiuf.
Crazy Yiuf looks as sick as possible!
Crazy Yiuf is moderately wounded.
You feel sick.
Crazy Yiuf hits you with a +3 quarterstaff of chaos.
* * * LOW HITPOINT WARNING * * *
You resist with some effort.
You hit Crazy Yiuf.
Crazy Yiuf looks as sick as possible!
Your tail-slap misses Crazy Yiuf.
Crazy Yiuf is heavily wounded.
* * * LOW HITPOINT WARNING * * *
You feel sick.
Crazy Yiuf hits you with a +3 quarterstaff of chaos!
You die...

### ##.## ....## ######## ##...
#......# #...## #.####.#
.....#####♣♣ ### #.# #..
#[....#....♣♣ ♣♣#..)# #.# ###
##.##.....PP♣♣♣♣@g...# #.#
#.####....P.♣..♣#...# #.# #.#
##....♣.♣♣♣ ### ###.## ##'##
###♣♣♣♣♣ #....# #...## ###..#
.....## ######## ### ####..# #
......## #.#.#..# #.# #.....# ##
.......###......###.###.#...####.
.......'.......................'.


You could see Crazy Yiuf (extremely poisoned).

Vanquished Creatures
  An orc priest (D:3)
  2 orc wizards
  3 adders
  2 worms (D:2)
  4 dart slugs
  8 orcs
  6 ball pythons
  2 bats
  3 endoplasms
  6 goblins
  2 hobgoblins (D:3)
  8 jackals
  4 kobolds (D:1)
  2 quokkas (D:3)
  A frilled lizard (D:1)
  2 rats (D:2)
56 creatures vanquished.

Vanquished Creatures (others)
  8 plants (D:3)
8 creatures vanquished.

Grand Total: 64 creatures vanquished

Notes
Turn   | Place    | Note
-------+----------+-------------------------------------------
     0 | D:1      | nono the Armataur Fighter began the quest for the Orb.
     0 | D:1      | Reached XP level 1. HP: 19/19 MP: 1/1
   147 | D:1      | Reached XP level 2. HP: 19/26 MP: 2/2
   646 | D:2      | Reached XP level 3. HP: 31/33 MP: 3/3
   845 | D:2      | You fall into a shaft and drop 1 floor!
   856 | D:2      | Found a faded altar of an unknown god.
  1438 | D:3      | Reached XP level 4. HP: 31/40 MP: 4/4
  1880 | D:3      | Found a basalt altar of Yredelemnul.
  1883 | D:3      | Reached XP level 5. HP: 48/48 MP: 5/5
  2180 | D:3      | Found a runed translucent door.
  2181 | D:3      | Noticed Crazy Yiuf
  2188 | D:3      | Mangled by Crazy Yiuf

Illustrated notes

Levels and vault maps discovered:
D:1:      minmay_arrival_up_and_down, layout_rooms, dk_noncrumbling_4,
          minmay_misc_feat_square
D:2:      layout_basic, shapermc_ecumenical_altar_pompeii,
          roderic_serpentine_path, minmay_misc_feat_plants, grunt_ministairs_13
D:3:      layout_loops_corners, lemuel_crystal_altar, serial_bayou_lagoon_b,
          uniq_crazy_yiuf_cottage

Skill      XL: |  1  2  3  4 |
---------------+-------------+-----
Maces & Flails | 2 |  2.9
Armour         | 4 |  4.8
Fighting       | 3 |  3.5
Shields        | 4 |  4.4

Action                   |  1- 3 |  4- 6 || total
-------------------------+-------+-------++-------
Melee: Flail             |   111 |    33 ||   144
       Tailslap          |    11 |     9 ||    20
       Dagger            |       |    61 ||    61
  Use: Potion            |       |     2 ||     2
Armor: Scale mail        |    53 |       ||    53
       Chain mail        |     4 |    67 ||    71
Dodge: Dodged            |    40 |    13 ||    53
Block: Buckler           |    30 |    16 ||    46

Table legend: (Time is in decaauts)
 A = Elapsed time spent in this place.
 B = Non-inter-level travel time spent in this place.
 C = Inter-level travel time spent in this place.
 D = Time resting spent in this place.
 E = Time spent auto-exploring this place.
 F = Levels seen in this place.
 G = Mean time per level.
                   A        B        C        D        E       F      G
               +--------+--------+--------+--------+--------+-----+--------+
         Total |   2248 |   2205 |     43 |    298 |   1402 |   3 |  749.3 |
       Dungeon |   2248 |   2205 |     43 |    298 |   1402 |   3 |  749.3 |
               +--------+--------+--------+--------+--------+-----+--------+

Top non-repeatable levels by time:
     D:2: 888 daAuts
     D:3: 704 daAuts
     D:1: 655 daAuts
